AoeStats
← crissivan33

Arabia

508716235Analyzed
2v2 RM · 9d ago on Sep 23, 2026· 25m 21s· 4 players
Game mode
Random Map
Map size
Medium (4 player)
Population
200
Speed
Normal
Resources
Standard
Victory
Conquest
Starting age
Dark Age
Ending age
Imperial Age
RankedLock teamsTeams togetherTeam positionsShared explorationLock speedFull tech treeHidden civsTurbo modeCheats
Victory
Defeat
🇹🇷 Danes · Türkiye
1233
+28
🇨🇴 Tupi · Colombia
1198
+13
🇫🇷 Danes · France
1159
-13
🇫🇷 Franks · France
1151
-13
crissivan33
3:10 Loom
9:32 Feudal Age
10:25 Double-Bit Axe
17:13 Fletching
17:44 Horse Collar
19:13 Padded Archer Armor
24:15 Castle Age
22:09 Gold Mining
23:50 Stone Mining
24:53 Bodkin Arrow
25:35 Leather Archer Armor
zizu
8:00 Loom
10:17 Feudal Age
10:19 Man-at-Arms
10:47 Double-Bit Axe
11:15 Arson
11:43 Horse Collar
15:16 Fletching
20:26 Castle Age
18:35 Gold Mining
20:33 Crossbowman
21:09 Bodkin Arrow
21:25 Bow Saw
21:23 Heavy Plow
22:09 Wheelbarrow
24:27 Hand Cart
Tout Petit Boulet
7:11 Loom
10:11 Feudal Age
25:53 Castle Age
24:04 Scale Barding Armor
24:08 Gold Mining
24:20 Double-Bit Axe
25:27 Forging
Charlie Martel
6:37 Loom
9:34 Feudal Age
10:01 Double-Bit Axe
10:18 Man-at-Arms
13:51 Horse Collar
17:03 Gold Mining
17:42 Fletching
19:05 Scale Mail Armor
20:00 Wheelbarrow
23:38 Castle Age
22:02 Forging
22:31 Padded Archer Armor
Connection lost

Rejoining the realm…

Still unreachable

The connection could not be restored.

Session expired

The server has moved on; the page needs a fresh start.